 Dungeon Crawl Stone Soup version 0.20-a0-876-g2c7b0bf (webtiles) character file.

14370 nubinia the Zephyrmancer (level 12, -14/67 HPs)
             Began as a Tengu Venom Mage on Mar 15, 2017.
             Was a High Priest of Sif Muna.
             Demolished by a spriggan rider
             ... wielding a +0 spear
              (20 damage)
             ... on level 3 of the Lair of Beasts.
             The game lasted 01:21:03 (14649 turns).

nubinia the Zephyrmancer (Tengu Venom Mage)        Turns: 14649, Time: 01:21:04

Health: -14/67     AC:  7    Str:  8    XL:     12   Next: 15%
Magic:  8/24       EV: 18    Int: 22    God:    Sif Muna [*****.]
Gold:   537        SH:  0    Dex: 19    Spells: 17/26 levels left

rFire    + . .     SeeInvis .   J - +7 quarterstaff of the Spider Nest {freeze, *Drain rF+ Int+3 Stlth+}
rCold    . . .     Gourm    .   V - +0 steam dragon scales
rNeg     . . .     Faith    +   (shield currently unavailable)
rPois    .         Spirit   .   (helmet restricted)
rElec    .         Reflect  .   S - +0 cloak
rCorr    .         Harm     .   Q - +0 pair of gloves
MR       .....                  (boots unavailable)
Stlth    ++++++....             a - amulet of faith
Regen    0.3/turn               t - +2 ring of dexterity
MPRegen  0.2/turn               B - ring of stealth

@: flying quickly and evasively, divine energy, quick
A: beak, talons 3, able to fly 1
a: Stop Divine Energy, Channel Magic, Forget Spell, Renounce Religion


You were on level 3 of the Lair of Beasts.
You worshipped Sif Muna.
Sif Muna was extremely pleased with you.
You were hungry.

You visited 3 branches of the dungeon, and saw 13 of its levels.

You collected 537 gold pieces.

Inventory:

Hand Weapons
 J - the +7 quarterstaff of the Spider Nest (weapon) {freeze, *Drain rF+ Int+3 Stlth+}
   (You took it off a goblin on level 4 of the Dungeon)

   It has been specially enchanted to freeze those struck by it, causing extra
   injury to most foes and up to half again as much damage against particularly
   susceptible opponents.
   It can also slow down cold-blooded creatures.
   It affects your intelligence (+3).
   It protects you from fire.
   It causes draining when unequipped.
   It makes you more stealthy.
Armour
 l - a +1 buckler of cold resistance
 Q - a +0 pair of gloves (worn)
 S - a +0 cloak (worn)
 V - +0 steam dragon scales (worn)
Jewellery
 a - an amulet of faith (around neck)
 r - an uncursed ring of protection from fire
 s - an uncursed ring of positive energy
 t - a +2 ring of dexterity (right hand)
 B - a ring of stealth (left hand)
 F - a +2 amulet of reflection
 L - an uncursed ring of resist corrosion
Wands
 u - a wand of digging (7/24)
 x - a wand of digging (12/24)
 D - a wand of paralysis (4/24)
 M - a wand of polymorph (19/24)
 Z - a wand of flame (25/48)
Scrolls
 d - a scroll of fog {unknown}
 e - a scroll of enchant weapon
 f - 5 scrolls of remove curse
 g - a scroll of blinking {unknown}
 j - 2 scrolls of amnesia
 k - a scroll of enchant armour {unknown}
 n - a scroll of immolation {unknown}
 p - 3 scrolls of identify
 w - 3 scrolls of teleportation
 I - 4 scrolls of recharging
 K - a scroll of magic mapping {unknown}
 X - a scroll of fear {unknown}
Potions
 h - 5 potions of heal wounds
 i - a potion of curing
 m - a potion of mutation
 o - a potion of cancellation
 v - a potion of agility
 A - a potion of haste
 O - a potion of lignification
 P - 2 potions of flight
 U - a potion of magic
 W - 3 potions of brilliance
Books
 b - a Young Poisoner's Handbook

   Spells                             Type                      Level
   a - Sting                          Conjuration/Poison           1
   b - Poisonous Vapours              Poison/Air                   2
   c - Mephitic Cloud                 Conjuration/Poison/Air       3
   d - Olgreb's Toxic Radiance        Poison                       4
   e - Venom Bolt                     Conjuration/Poison           5
 T - a book of Geomancy

   Spells                             Type                      Level
   a - Sandblast                      Earth                        1
   b - Passwall                       Transmutation/Earth          2
   c - Stone Arrow                    Conjuration/Earth            3
   d - Petrify                        Transmutation/Earth          4
   e - Lee's Rapid Deconstruction     Earth                        5
 Y - a book of Debilitation

   Spells                             Type                      Level
   a - Corona                         Hexes                        1
   b - Slow                           Hexes                        2
   c - Inner Flame                    Hexes/Fire                   3
   d - Portal Projectile              Hexes/Translocation          3
   e - Cause Fear                     Hexes                        4
   f - Leda's Liquefaction            Hexes/Earth                  4
Comestibles
 c - 7 bread rations
 q - 2 royal jellies
 z - 6 meat rations
 C - 2 chunks of flesh
 E - 32 fruits


   Skills:
 + Level 4.6 Fighting
   Level 1.2(1.7) Short Blades
   Level 1.9(2.1) Long Blades
   Level 0.2(5.4) Maces & Flails
 + Level 8.8 Staves
 + Level 4.4 Dodging
 + Level 7.4 Stealth
 + Level 1.4 Shields
 + Level 7.7 Spellcasting
 * Level 10.4 Conjurations
 * Level 11.4 Air Magic
 - Level 5.0 Poison Magic
 + Level 0.4 Evocations


You had 17 spell levels left.
You knew the following spells:

 Your Spells              Type           Power        Failure   Level  Hunger
a - Sting                 Conj/Pois      ####         1%          1    None
b - Poisonous Vapours     Pois/Air       #####.       1%          2    None
c - Mephitic Cloud        Conj/Pois/Air  #####...     1%          3    None
d - Stone Arrow           Conj/Erth      ####..       2%          3    None


Dungeon Overview and Level Annotations

Branches:
Dungeon (8/15)             Temple (1/1) D:4            Lair (4/6) D:8
 Shoals (0/4) Lair:2
  Snake: Lair:2-4    Spider: Lair:2-4

Altars:
Ashenzari
Cheibriados
Dithmenos
Elyvilon
Fedhas
Gozag
Hepliaklqana
Kikubaaqudgha
Makhleb
Nemelex Xobeh
Okawaru
Qazlal
Ru
Sif Muna
Trog
Uskayaw
Vehumet
Wu Jian
Xom
Yredelemnul
Zin
The Shining One

Shops:
D:6 :

Annotations:
D:6 exclusion: ice beast
Lair:3 exclusions: hydra and oklob plant


Innate Abilities, Weirdness & Mutations

You have a beak for a mouth.
You have claws for feet.
You can fly.


Message History

The spriggan rider completely misses you.
Things that are here:
a spear; 22 stones The spriggan rider hits you from afar with a spear.
* * * LOW HITPOINT WARNING * * *
Casting: Mephitic Cloud
Confirm with . or Enter, or press ? or * to list all spells.
Aiming: Mephitic Cloud
Press: ? - help, Shift-Dir - straight line, f/p - spriggan rider
Aim: a spriggan rider, wielding a spear (moderately wounded)
The ball explodes into a vile cloud!
The stinking cloud engulfs the spriggan rider.
The spriggan rider is moderately wounded.
The spriggan rider is engulfed in noxious fumes.
The spriggan rider hits you from afar with a spear.
* * * LOW HITPOINT WARNING * * *
Unknown command.
The spriggan rider is engulfed in noxious fumes. x2
The spriggan rider hits you from afar with a spear!!
You die...

. ♣. .♣ . ♣♣. ♣.♣
♣.♣ ♣♣♣@♣ ♣..♣♣
♣♣♣♣♣♣♣i♣♣
♣♣)..♣♣§.♣
♣♣†♣♣.♣).♣♣
....... ♣
♣.♣♣♣♣.♣)♣♣♣
#........ ♣.♣ ♣.♣
♣♣♣..(♣♣♣♣
#........
♣...♣♣)♣
♣♣)♣.♣.♣♣
#....... ♣...)÷♣
♣♣♣♣...♣♣#...#..#


You could see a spriggan rider.

Vanquished Creatures
  A two-headed ogre (D:8)
  5 spiny frogs
  4 komodo dragons
  A rime drake (Lair:1)
  2 polar bears
  8 blink frogs (Lair:3)
  A snapping turtle (Lair:2)
  4 hippogriffs
  10 spriggans (Lair:3)
  A wyvern (Lair:3)
  6 yaks
  A steam dragon (D:8)
  3 basilisks
  8 water moccasins
  6 orc warriors
  6 porcupines
  2 phantoms
  A black bear (D:8)
  3 sky beasts
  A necrophage (D:7)
  4 centaurs
  5 ogres
  2 boggarts (Lair:3)
  2 crocodiles (Lair:1)
  A big kobold (D:8)
  3 bullfrogs
  A gnoll sergeant (D:8)
  2 scorpions
  10 killer bees
  An electric eel (Lair:2)
  2 crimson imps
  A bullfrog zombie (D:6)
  2 hounds
  2 jellies
  2 orc priests (D:7)
  A bullfrog skeleton (D:6)
  3 iguanas
  12 orc wizards
  3 worker ants
  A hound zombie (D:6)
  A hound skeleton (D:5)
  A worker ant zombie (D:6)
  Robin (D:4)
  7 gnolls
  7 adders
  A shadow imp (D:6)
  An ooze (D:2)
  An adder zombie (D:6)
  2 worms
  A dart slug (D:1)
  4 leopard geckos
  46 orcs
  5 giant cockroaches
  25 goblins
  6 hobgoblins
  19 jackals
  7 kobolds
  4 quokkas
  A ball python (D:1)
  14 bats
  4 frilled lizards
  A leopard gecko zombie (D:5)
  10 rats
303 creatures vanquished.

Vanquished Creatures (collateral kills)
  A hornet (Lair:3)
1 creature vanquished.

Vanquished Creatures (others)
  4 fungi (D:8)
4 creatures vanquished.

Grand Total: 308 creatures vanquished

Notes
Turn   | Place    | Note
-------+----------+-------------------------------------------
     0 | D:1      | nubinia the Tengu Venom Mage began the quest for the Orb.
     0 | D:1      | Reached XP level 1. HP: 10/10 MP: 4/4
   163 | D:1      | Reached XP level 2. HP: 15/15 MP: 1/6
   210 | D:1      | Learned a level 2 spell: Poisonous Vapours
   746 | D:1      | Reached XP level 3. HP: 19/19 MP: 3/7
   786 | D:1      | Learned a level 3 spell: Mephitic Cloud
  1421 | D:2      | Reached skill level 1 in Air Magic
  2024 | D:2      | Reached XP level 4. HP: 21/24 MP: 8/8
  2490 | D:2      | Reached skill level 2 in Air Magic
  3013 | D:3      | Gained mutation: You can fly. [Tengu growth]
  3013 | D:3      | Reached XP level 5. HP: 13/28 MP: 6/10
  3014 | D:3      | Reached skill level 1 in Long Blades
  3850 | D:2      | Reached XP level 6. HP: 20/33 MP: 6/11
  4158 | D:3      | Reached skill level 3 in Air Magic
  4668 | D:4      | Noticed Robin
  4731 | D:4      | Killed Robin
  4801 | D:4      | Got an uncursed crystal quarterstaff {freeze}
  4807 | D:4      | Identified the +7 quarterstaff of the Spider Nest {freeze, *Drain rF+ Int+3 Stlth+} (You took it off a goblin on level 4 of the Dungeon)
  5134 | D:4      | Reached skill level 1 in Fighting
  5212 | D:4      | Reached skill level 4 in Air Magic
  5212 | D:4      | Reached XP level 7. HP: 38/38 MP: 4/12
  5447 | D:4      | Found a staircase to the Ecumenical Temple.
  5453 | Temple   | Entered the Ecumenical Temple
  5610 | Temple   | Became a worshipper of Sif Muna the Loreminder
  5706 | D:5      | Entered Level 5 of the Dungeon
  5712 | D:5      | Found a stormy altar of Qazlal.
  5712 | D:5      | Noticed a fire elemental
  5713 | D:5      | Noticed an air elemental
  5713 | D:5      | Noticed a water elemental
  5804 | D:5      | Reached skill level 1 in Short Blades
  5897 | D:5      | Reached skill level 1 in Staves
  5926 | D:5      | Reached XP level 8. HP: 26/43 MP: 9/14
  6319 | D:5      | Reached skill level 5 in Air Magic
  6323 | D:5      | Reached * piety under Sif Muna
  6926 | D:6      | Reached skill level 5 in Conjurations
  7720 | D:6      | Found Jirusi's Book Boutique.
  7762 | D:6      | Reached XP level 9. HP: 45/48 MP: 14/16
  7763 | D:6      | Reached skill level 6 in Air Magic
  7951 | D:6      | Reached skill level 5 in Poison Magic
  8453 | D:7      | Found a glowing golden altar of the Shining One.
  8746 | D:7      | Reached ** piety under Sif Muna
  8782 | D:7      | Found a hazy altar of Hepliaklqana.
  8785 | D:7      | Found a shimmering altar of Xom.
  8786 | D:7      | Found a radiant altar of Vehumet.
  8870 | D:7      | Reached skill level 5 in Staves
  9148 | D:8      | Learned a level 3 spell: Stone Arrow
  9242 | D:8      | Reached skill level 5 in Stealth
  9341 | D:8      | Noticed a two-headed ogre
  9363 | D:8      | Killed a two-headed ogre
  9363 | D:8      | Reached skill level 5 in Spellcasting
  9363 | D:8      | Reached skill level 7 in Air Magic
  9363 | D:8      | Reached XP level 10. HP: 30/56 MP: 6/18
  9871 | D:8      | Found a shadowy altar of Dithmenos.
 10210 | D:8      | Found a glowing silver altar of Zin.
 10269 | D:8      | Reached skill level 8 in Air Magic
 10554 | D:8      | Found a staircase to the Lair.
 10781 | Lair:1   | Entered Level 1 of the Lair of Beasts
 10879 | Lair:1   | Noticed a spiny frog
 10897 | Lair:1   | Killed a spiny frog
 10897 | Lair:1   | Reached *** piety under Sif Muna
 11236 | Lair:1   | Reached skill level 1 in Shields
 11271 | Lair:1   | Noticed a five-headed hydra
 11381 | Lair:2   | Reached skill level 9 in Air Magic
 11381 | Lair:2   | Reached XP level 11. HP: 35/60 MP: 5/21
 12422 | Lair:2   | Found a staircase to the Shoals.
 12675 | Lair:2   | Reached skill level 10 in Air Magic
 12931 | Lair:3   | Reached **** piety under Sif Muna
 13056 | Lair:3   | Noticed an oklob plant
 14145 | Lair:3   | Noticed a four-headed hydra
 14181 | Lair:3   | Noticed a spriggan rider
 14194 | Lair:3   | Reached skill level 10 in Conjurations
 14204 | Lair:3   | Reached skill level 11 in Air Magic
 14381 | Lair:3   | Noticed a spriggan rider
 14381 | Lair:3   | Reached XP level 12. HP: 67/67 MP: 3/24
 14511 | Lair:3   | Reached ***** piety under Sif Muna
 14578 | Lair:3   | Noticed a four-headed hydra
 14620 | Lair:3   | Noticed a spriggan rider
 14649 | Lair:3   | Demolished by a spriggan rider

Vault maps used:
D:1:      lightli_iron_boxes
D:3:      kennysheep_big_flooded_room
D:4:      kennysheep_goblin_castle, minmay_temple_entry_enclosed_plants,
          first_bread
D:5:      nicolae_qazlal_style_of_elements, minmay_misc_feat_iff, corexii_shack
D:6:      serial_shops, shop
D:7:      grunt_temple_overflow_open
D:8:      lemuel_crystal_altar, grunt_lair_entry_orc_guard_hut,
          blue_anna_alchemist, nicolae_dithmenos_through_a_glass_darkly
Temple:   eino_temple_scatter_basement
Lair:1:   minmay_lair_oklob_chamber
Lair:2:   minmay_shoals_entry_hut
Lair:3:   kb_forest_paths
Lair:4:   minmay_snake_entry_guardpost_small, grunt_megastairs_5

Skill      XL: |  1  2  3  4  5  6  7  8  9 10 11 |
---------------+----------------------------------+-----
Conjurations   | 2 3 4 5 7 8 10 | 10.4
Air Magic      | 1 2 4 5 7 9 11 | 11.4
Long Blades    | 1 |  1.9
Spellcasting   | 3 4 5 6 7 |  7.7
Fighting       | 1 2 3 4 |  4.6
Dodging        | 3 4 |  4.4
Poison Magic   | 4 5 |  5.0
Stealth        | 3 4 5 6 7 |  7.4
Short Blades   | 1 |  1.2
Staves         | 1 4 6 7 8 |  8.8
Shields        | 1 |  1.4
Maces & Flails | |  0.2
Evocations     | |  0.4

Action                   |  1- 3 |  4- 6 |  7- 9 | 10-12 || total
-------------------------+-------+-------+-------+-------++-------
Melee: Club              |    52 |       |       |       ||    52
       Kick              |    11 |    20 |    48 |    61 ||   140
       Long sword        |     5 |    68 |       |       ||    73
       Peck              |     3 |    14 |    29 |    35 ||    81
       Dagger            |       |    45 |       |       ||    45
       Quarterstaff      |       |     3 |   182 |   220 ||   405
 Cast: Sting             |    52 |   107 |    46 |    36 ||   241
       Mephitic Cloud    |       |     2 |    12 |    53 ||    67
       Poisonous Vapours |       |       |    28 |    84 ||   112
       Stone Arrow       |       |       |       |     4 ||     4
Invok: Divine Energy     |       |       |     1 |       ||     1
 Abil: Fly               |       |     9 |    20 |    36 ||    65
Evoke: Wand              |       |       |       |     5 ||     5
  Use: Scroll            |     3 |     2 |     8 |     6 ||    19
       Potion            |       |     3 |     5 |     2 ||    10
 Stab: Sleeping          |     3 |     5 |     7 |     6 ||    21
       Distracted        |       |     2 |       |       ||     2
       Invisible         |       |     2 |       |       ||     2
       Confused          |       |       |    12 |    16 ||    28
  Eat: Chunk             |     4 |    11 |    16 |    20 ||    51
       Royal jelly       |       |       |     1 |     1 ||     2
Armor: Robe              |    16 |    10 |    11 |       ||    37
       Animal skin       |       |       |     7 |       ||     7
       Steam dragon scal |       |       |       |    25 ||    25
Dodge: Dodged            |    50 |    69 |   114 |   103 ||   336
Block: Buckler           |    12 |    25 |       |       ||    37
       Other             |       |       |     7 |     5 ||    12
       Reflection        |       |       |       |     1 ||     1
       Rpst.: Long sword |     1 |    13 |       |       ||    14
